 Dungeon Crawl Stone Soup version 0.27.1-1-g398f81649c (webtiles) character file.

Game seed: 6974793102386465552

1657771 ABBCCCDDDD the Sensei (level 27, 276/276 HPs)
             Began as an Octopode Wanderer on Sept 9, 2021.
             Was an Initiate of Gozag.
             Escaped with the Orb
             ... and 3 runes!
             The game lasted 02:44:04 (81632 turns).

ABBCCCDDDD the Sensei (Octopode Wanderer)          Turns: 81632, Time: 02:44:04

Health: 276/276    AC: 33    Str: 17    XL:     27
Magic:  48/48      EV: 28    Int: 33    God:    Gozag
Gold:   16212      SH: 31    Dex: 23    Spells: 28/50 levels left

rFire    + + +     SeeInvis +     - Unarmed
rCold    + + .     Faith    .   a - +7 tower shield {rF+}
rNeg     + + .     Spirit   .   l - +2 hat
rPois    ∞         Reflect  .   u - amulet "Zairhoss" {rN+ Regen+ Dex+4}
rElec    +         Harm     .   j - ring of Fallacy {MP+9 AC+4}
rCorr    .         Rampage  .   E - ring "Viqeumen" {rElec Will+ Str+3 Dex+3}
Will     +++++                  I - ring "Elohow" {Contam rPois rF+ EV+4}
Stlth    ++........             L - ring of wizardry
HPRegen  1.56/turn              N - ring "Mairef" {rC+ Int+4 Dex+2}
MPRegen  0.31/turn              Z - ring "Cidon" {rC+ Will++ Int+5 Dex-5}
                                V - ring of protection from fire
                                W - ring "Seown" {+Blink Int+5 SInv}

@: statue-form, very slow
A: slow and powerful, torment resistance 1, boosted hp, almost no armour,
amphibious, 8 rings, camouflage 1, (gelatinous body 1), (nimble swimmer 1),
tentacles, agile 1, subdued magic 1, noise suppression
0: Orb of Zot
}: 3/15 runes: decaying, silver, gossamer
a: End Transformation, Renounce Religion, Evoke Blink, Potion Petition, Call
Merchant, Bribe Branch


You escaped.
You worshipped Gozag.
Gozag was extremely pleased with you.
You were a living statue of rough stone.
You visited 10 branches of the dungeon, and saw 50 of its levels.
You also visited: Ice Cave.

You collected 34152 gold pieces.
You spent 8470 gold pieces at shops.
You paid 9470 gold pieces to Gozag.

Inventory:

Armour
 a - a +7 tower shield of fire resistance (worn)
 l - a +2 hat (worn)
 m - a +0 tower shield of protection
Jewellery
 j - the ring of Fallacy (left tentacle) {MP+9 AC+4}
   (You bought it in a shop on level 2 of the Orcish Mines)

   [ring of protection]

   AC:        It affects your AC (+4).
   MP:        It affects your magic capacity (+9).
 t - a ring of flight
 u - the amulet "Zairhoss" (around mantle) {rN+ Regen+ Dex+4}
   (You acquired it on level 13 of the Dungeon)

   [amulet of regeneration]

   Dex:       It affects your dexterity (+4).
   rN:        It protects you from negative energy.
   Regen:     It increases your rate of health regeneration.
 E - the ring "Viqeumen" (right tentacle) {rElec Will+ Str+3 Dex+3}
   (You found it on level 2 of the Spider Nest)

   [ring of willpower]

   Str:       It affects your strength (+3).
   Dex:       It affects your dexterity (+3).
   rElec:     It insulates you from electricity.
   Will:      It increases your willpower.
 I - the ring "Elohow" (on tentacle) {Contam rPois rF+ EV+4}
   (You bought it in a shop on level 1 of the Lair of Beasts)

   [ring of evasion]

   EV:        It affects your evasion (+4).
   rF:        It protects you from fire.
   rPois:     It protects you from poison.
   Contam:    It causes magical contamination when unequipped.
 J - an amulet of reflection
 L - a ring of wizardry (on tentacle)
 N - the ring "Mairef" (on tentacle) {rC+ Int+4 Dex+2}
   (You bought it in a shop on level 1 of the Lair of Beasts)

   [ring of protection from cold]

   Int:       It affects your intelligence (+4).
   Dex:       It affects your dexterity (+2).
   rC:        It protects you from cold.
 V - a ring of protection from fire (on tentacle)
 W - the ring "Seown" (on tentacle) {+Blink Int+5 SInv}
   (You bought it in a shop on level 2 of the Orcish Mines)

   [ring of see invisible]

   Int:       It affects your intelligence (+5).
   SInv:      It lets you see invisible.
   +Blink:    It lets you blink.
 X - a ring of positive energy
 Z - the ring "Cidon" (on tentacle) {rC+ Will++ Int+5 Dex-5}
   (You found it on level 5 of the Vaults)

   [ring of protection from cold]

   Int:       It affects your intelligence (+5).
   Dex:       It affects your dexterity (-5).
   rC:        It protects you from cold.
   Will:      It greatly increases your willpower.
Wands
 b - a wand of iceblast (38)
 v - a wand of acid (14)
 M - a wand of flame (225)
 R - a wand of paralysis (17)
 T - a wand of digging (10)
 U - a wand of mindburst (72)
 Y - a wand of charming (14)
Scrolls
 e - 2 scrolls of holy word
 f - 5 scrolls of amnesia
 g - 27 scrolls of identify
 p - 7 scrolls of blinking
 w - 4 scrolls of magic mapping
 z - 4 scrolls of torment
 B - 13 scrolls of fear
 D - 21 scrolls of teleportation
 G - 7 scrolls of fog
 H - 3 scrolls of summoning
 K - 3 scrolls of brand weapon
 O - 4 scrolls of silence
Potions
 d - 21 potions of heal wounds
 h - 4 potions of magic
 i - 5 potions of might
 n - 5 potions of cancellation
 o - 8 potions of brilliance
 q - 5 potions of resistance
 r - 7 potions of ambrosia
 s - 22 potions of curing
 x - 5 potions of haste
 y - 4 potions of invisibility
 A - 8 potions of mutation
 C - 7 potions of berserk rage
 F - 2 potions of flight
 Q - 5 potions of attraction
 S - 11 potions of lignification
Miscellaneous
 c - a box of beasts
 k - a phantom mirror
 P - a condenser vane


   Skills:
 + Level 23.9 Fighting
 - Level 0.1 Short Blades
 - Level 1.0 Bows
 - Level 15.0 Dodging
 - Level 6.0 Stealth
 + Level 23.9 Shields
 - Level 25.0 Unarmed Combat
 - Level 12.0 Spellcasting
 - Level 7.0 Conjurations
 - Level 2.0 Summonings
 - Level 10.0 Transmutations
 - Level 4.0 Fire Magic
 - Level 15.0 Ice Magic
 - Level 11.0 Earth Magic
 - Level 7.8 Evocations


You had 28 spell levels left.
You knew the following spells:

 Your Spells              Type           Power      Damage    Failure   Level
a - Stone Arrow           Conj/Erth      100%       3d13      1%          3
b - Frozen Ramparts       Ice            100%       1d12      0%          3
c - Statue Form           Tmut/Erth      41%        N/A       1%          6
d - Bolt of Magma         Conj/Fire/Erth 25%        4d12      1%          5
e - Freezing Cloud        Conj/Ice/Air   25%        6-21      1%          5

Your spell library contained the following spells:

 Spells                   Type           Power      Damage    Failure   Level
 Sandblast                Erth           100%       2d20      0%          1
 Ozocubu's Armour         Ice            74%        N/A       0%          3
 Animate Skeleton         Necr           30%        N/A       1%          1
 Apportation              Tloc           30%        N/A       1%          1
 Corona                   Hex            16%        N/A       1%          1
 Foxfire                  Conj/Fire      100%       2x1d9     1%          1
 Magic Dart               Conj           100%       1d8       1%          1
 Sting                    Tmut/Pois      100%       1d8       1%          1
 Summon Small Mammal      Summ           100%       N/A       1%          1
 Call Imp                 Summ           25%        N/A       1%          2
 Corpse Rot               Necr/Air       N/A        N/A       1%          2
 Passwall                 Tmut/Erth      51%        N/A       1%          2
 Poisonous Vapours        Pois/Air       30%        N/A       1%          2
 Slow                     Hex            15%        N/A       1%          2
 Static Discharge         Conj/Air       33%        N/A       1%          2
 Sublimation of Blood     Necr           7%         N/A       1%          2
 Wereblood                Tmut           60%        N/A       1%          2
 Call Canine Familiar     Summ           25%        N/A       1%          3
 Conjure Flame            Conj/Fire      43%        6-21      1%          3
 Dazzling Flash           Conj/Hex       66%        N/A       1%          3
 Ignite Poison            Fire/Tmut/Pois 38%        N/A       1%          3
 Inner Flame              Hex/Fire       25%        N/A       1%          3
 Mephitic Cloud           Conj/Pois/Air  27%        N/A       1%          3
 Summon Guardian Golem    Hex/Summ       20%        N/A       1%          3
 Ice Form                 Ice/Tmut       68%        N/A       1%          4
 Iskenderun's Mystic Bla  Conj/Tloc      33%        2d8       1%          4
 Leda's Liquefaction      Hex/Erth       21%        N/A       1%          4
 Petrify                  Tmut/Erth      62%        N/A       1%          4
 Summon Ice Beast         Ice/Summ       55%        N/A       1%          4
 Blade Hands              Tmut           30%        N/A       1%          5
 Irradiate                Conj/Tmut      27%        3d23      1%          5
 Iskenderun's Battlesphe  Conj           50%        2d10      1%          5
 Metabolic Englaciation   Hex/Ice        26%        N/A       1%          5
 Ozocubu's Refrigeration  Ice            37%        4d12      1%          7
 Portal Projectile        Hex/Tloc       30%        N/A       2%          3
 Swiftness                Air            15%        N/A       2%          3
 Fireball                 Conj/Fire      21%        3d10      2%          5
 Iron Shot                Conj/Erth      28%        9d6       3%          6
 Lightning Bolt           Conj/Air       16%        1d30      6%          5
 Simulacrum               Ice/Necr       26%        N/A       6%          6
 Cause Fear               Hex            7%         N/A       9%          4
 Olgreb's Toxic Radiance  Pois           15%        N/A       9%          4
 Dragon Form              Tmut           30%        N/A       12%         7
 Starburst                Conj/Fire      21%        6d7       14%         6
 Summon Forest            Summ/Tloc      10%        N/A       16%         5
 Summon Mana Viper        Hex/Summ       20%        N/A       16%         5
 Excruciating Wounds      Necr           7%         N/A       24%         5
 Silence                  Hex/Air        7%         N/A       24%         5
 Conjure Ball Lightning   Conj/Air       16%        3x3d6     32%         6
 Orb of Destruction       Conj           25%        9d10      38%         7
 Shadow Creatures         Summ           N/A        N/A       50%         6
 Spellforged Servitor     Conj/Summ      19%        N/A       73%         7
 Dispersal                Tloc           7%         N/A       77%         6
 Invisibility             Hex            7%         N/A       77%         6
 Lehudib's Crystal Spear  Conj/Erth      28%        10d8      80%         8
 Polar Vortex             Ice            37%        N/A       87%         9
 Monstrous Menagerie      Summ           12%        N/A       96%         7
 Summon Hydra             Summ           12%        N/A       96%         7
 Malign Gateway           Summ/Tloc      10%        N/A       99%         7
 Discord                  Hex            7%         N/A       100%        8
 Disjunction              Tloc           7%         N/A       100%        8
 Ignition                 Fire           17%        3d7       100%        8
 Chain Lightning          Conj/Air       16%        3d22      100%        9
 Shatter                  Erth           31%        3d26*     100%        9
 Animate Armour           Summ/Erth      Unusable   N/A       N/A         4

Dungeon Overview and Level Annotations

Branches:
Dungeon (15/15)            Temple (1/1) D:6            Lair (6/6) D:10
  Swamp (4/4) Lair:3       Spider (4/4) Lair:4        Slime (0/5) Lair:5
    Orc (2/2) D:11            Elf (3/3) Orc:2        Vaults (5/5) D:14
  Crypt (0/3) Vaults:2     Depths (5/5) D:15            Zot (5/5) Depths:5
  IceCv (visited)

Altars:
Ashenzari
Cheibriados
Dithmenos
Elyvilon
Fedhas
Gozag
Hepliaklqana
Kikubaaqudgha
Makhleb
Nemelex Xobeh
Okawaru
Qazlal
Ru
Sif Muna
Trog
Uskayaw
Vehumet
Wu Jian
Xom
Yredelemnul
Zin
The Shining One
Lugonu

Shops:
D:6 *   D:14 [   Orc:2 ![*=   Elf:2 ?   Lair:1 ==*   Vaults:1 (   Depths:1 *?
Depths:2 *   Depths:3 [==!!*![[*(   Depths:4 [

Portals:
Hell: Depths:1 Depths:2 Depths:3 Depths:4 Depths:5
Abyss: D:6 Depths:4 Depths:5
Pandemonium: Orc:2 Depths:3
Ziggurat: Depths:4

Annotations:
Lair:1 exclusion: downstairs


Innate Abilities, Weirdness & Mutations

You are a living statue of rough stone.
Your actions are slow, but your melee attacks are powerful.
You are resistant to unholy torment.
Your maximum health is greatly increased.
You are immune to poison.
You cannot wear most types of armour.
You are amphibious.
You can wear up to eight rings at the same time.
Your skin changes colour to match your surroundings (Stealth+).
((Your rubbery body absorbs attacks. (AC +1, EV +1)))
((You are camouflaged near water. (Stealth+)))
You have tentacles for arms and can constrict up to eight enemies at once.
You are agile. (Dex +2)
Your spells are a little easier to cast, but a little less powerful.
You passively dampen the noise of your surroundings.


Message History

Your phantom mirror has recharged.
There is a stone staircase leading up here.
You climb upwards.
There is a stone staircase leading down here.
Magic restored.
There is a stone staircase leading up here.
You climb upwards.
There is a stone staircase leading down here.
There is an open door here.
Your transformation is almost over.
There is an open door here.
You revert to your normal fleshy form.
There is an open door here.
A hell beast comes into view.
Casting: Statue Form (mildly dangerous; 1% risk of failure)
Confirm with . or Enter, or press ? or * to list all spells.
You turn into a living statue of rough stone.
You block the hell beast's attack. x2
You thrash the hell beast!!!
The hell beast is severely wounded.
You block the hell beast's attack. x2
You thrash the hell beast!!!
You kill the hell beast!
You now have 16212 gold pieces (gained 13).
A Tzitzimitl comes into view.
The Tzitzimitl barely misses you.
The Tzitzimitl bites you but does no damage.
You thrash the Tzitzimitl!!!!
The Tzitzimitl is almost dead.
The Tzitzimitl gestures at you. The bolt of negative energy hits you.
You partially resist.
You feel drained.
You thrash the Tzitzimitl!!!
You kill the Tzitzimitl!
Your life force feels restored.
HP restored.
Magic restored.
As you open the door, it creaks loudly!
There is an open door here.
There is a staircase leading out of the dungeon here.
You have escaped!

....#######...###..######.# ...##
#...................# ...#
#..###############..# ...#
##'##.............##'##
...###..........⌠..........###
####...⌠.................⌠...##
##........⌠.........⌠........##
#.............................#
#...⌠..........8..........⌠...#
#..........)..................#
##^.......⌠.........⌠........##
####...⌠.................⌠...##
...###..........⌠..........######
##...#####.............#####.....
.#.......################.....##.
.#....##.# ##.######. .†.....#.#
#....## #.


There were no monsters in sight!

Levels and vault maps discovered:
D:1:      dpeg_arrival_water_temple_mockup, layout_basic,
          ebering_ecumenical_altar_sacrificial, minmay_pentomino_x4
D:2:      minmay_general_purpose_star, layout_rooms, basic_altar,
          chequers_serial_rivers_large_b
D:3:      layout_rooms, minmay_close_crescents
D:4:      layout_cave_pools, gammafunk_temple_overflow_pools,
          lemuel_zombie_altar_yredelemnul, minmay_misc_feat_encased
D:5:      layout_cave_pools, tso_oasis_becter, small_statue_intersection,
          nrook_campfire
D:6:      layout_loops_ring, minmay_temple_entry_nine_rooms,
          gammafunk_ghost_abyssal_escape, nicolae_specific_store, uniq_sigmund,
          uniq_menkaure
D:7:      layout_basic, fedhas_altar_2, uniq_harold, uniq_prince_ribbit1,
          uniq_joseph
D:8:      layout_basic, makhleb_blood_cavern_becter
D:9:      layout_stronghold, elyvilon_altar_5, fiery_altar_vehumet,
          gammafunk_ghost_smash, kennysheep_generic_room_15
D:10:     layout_layer_cave, due_lair_maze_entry_diamond, uniq_sonja,
          uniq_fannar
D:11:     layout_basic, erik_orc_4, uniq_snorg
D:12:     layout_long_grid, uniq_rupert
D:13:     layout_loops_ring
D:14:     minmay_chambers_of_sevens, layout_basic,
          hangedman_vaults_entry_quadrant_bands,
          nicolae_ru_the_path_less_chosen, serial_shops, shop, pond
D:15:     hangedman_depths_entry_civil_slaughter, layout_gridville,
          minmay_statues_item, hangedman_abyss_or_decor_slice
Temple:   minmay_temple_curvy_branch
Lair:1:   layout_cave_pods
Lair:2:   layout_regular_city
Lair:3:   layout_misc_corridors, minmay_swamp_entry_worms, grunt_megastairs_2,
          serial_bayou_shore_b
Lair:4:   layout_cave_pods, spider_nest_entry_rubble
Lair:5:   layout_cave_shapes, dpeg_slime_entry_corner, ebering_ghost_xom,
          chequers_serial_rivers_small_a, serial_bayou_shore_b,
          serial_bayou_shore_b, serial_bayou_shore_a, lemuel_fruit_fields,
          uniq_josephine
Lair:6:   grunt_lair_end_beastmaster, layout_regular_city, basic_altar
Swamp:1:  nicolae_swamp_ascending_descending_big, layout_basic_swamp,
          evilmike_swamp_ruin_house_4, swamp_pool3, wheals_swamp_sinkhole,
          nzn_swamp_dancing_lights
Swamp:2:  layout_falls_marsh, evilmike_swamp_ruin_house_1
Swamp:3:  nicolae_swamp_ascending_descending, layout_falls_marsh,
          hangedman_swamp_ruin_wall
Swamp:4:  grunt_swamp_rune_castle, layout_basic_swamp, swamp_pool5,
          nicolae_swamp_drake_lake, infiniplex_staircase_pool
Spider:1: layout_spider_delve, gammafunk_ghost_split, uniq_donald
Spider:2: layout_spider_delve, drop_trap
Spider:3: layout_chambers
Spider:4: guppyfry_spider_rune
Orc:1:    layout_caves, lightli_orcish_oven, uniq_nergalle
Orc:2:    pf_orc_diabolical, layout_caves, portal_ice_cave_entry_pillars_2,
          uniq_nessos
Elf:1:    eino_elf_arrival_shootout, layout_onion_city, minivault_28,
          minmay_misc_feat_columns, nicolae_elf_loose_elemental_storage,
          lemuel_upstairs_altar
Elf:2:    nicolae_elf_blades_splatter_lattice [nicolae_blade_bullseye],
          layout_rooms, serial_shops, shop, uniq_agnes
Elf:3:    minmay_elf_hall_furrowed, layout_geoelf_castle, hex_tiny,
          nicolae_elf_vaults_five_recruitment_drive
Vaults:1: nicolae_vaults_triangles, vaults_room_grid, ontoclasm_vaults_pinch,
          vaults_dpeg_ring, vaults_room_pool, hellmonk_guarded_unrand_gong,
          vaults_mumra_minichess, nicolae_vaults_specimen_jars,
          dpeg_vaults_monster_box, vaults_room_pool, layout_vaults_ring,
          serial_shops, nicolae_square_shop
Vaults:2: nicolae_vaults_shelves_hall, v_pattern_2, hangedman_vaults_slice,
          minmay_crypt_entry_simple_box, nicolae_vaults_gold_heap,
          grunt_vaults_swirl, ontoclasm_vaults_claustrophobia,
          ontoclasm_vaults_fault, ontoclasm_vaults_tryst,
          ontoclasm_vaults_gateway, v_misc_17, v_misc_11,
          nicolae_vaults_rhombus_6, hangedman_vaults_cutoff, vaults_room_pools,
          nicolae_vaults_yaktaur_gun_rack, layout_vaults_maze_bifur
Vaults:3: v_misc_28, nicolae_vaults_circle_grid_a, hangedman_vaults_corner,
          nicolae_vaults_twisting_passages, grunt_vaults_hallway_short,
          grunt_vaults_funnel, nicolae_vaults_theta, vaults_dpeg_cross,
          special_room_vaults [special_room_orc], hangedman_vaults_nails,
          nicolae_vaults_rhombus_5, ontoclasm_vaults_chip, v_misc_16,
          layout_vaults_big_room
Vaults:4: vaults_room_guarded_vault, hangedman_vaults_restitches,
          hangedman_vaults_capsules, hangedman_vaults_snaps, v_misc_17,
          nicolae_vaults_diagonal_hallway_9, ontoclasm_vaults_eye,
          vaults_room_hallway, serial_ice_b, hangedman_vaults_slice,
          layout_vaults_omnigrid
Vaults:5: serial_shops
Depths:1: layout_roguey, minivault_11, grunt_mini_vestibule,
          hangedman_corner_corridor, minmay_shop_star
Depths:2: cheibrodos_leafed_vault, layout_cave_pools, hell_entry,
          kennysheep_small_spiral, nicolae_shop_clearance,
          minmay_staircase_windowed_large, uniq_asterion
Depths:3: hangedman_box_tower, layout_gridlike, serial_shops, shop,
          kennysheep_mini, shop, shop, rand_demon_pan_entry_8, hell_entry,
          hex_medium, ebering_dispersal_statue_hall, uniq_jory, uniq_bai_suzhen,
          uniq_sojobo, uniq_saint_roka
Depths:4: evilmike_wizard_prison, layout_gridlike, enter_ziggurat_b,
          skrybe_limestone_x, hangedman_geh_valley, marbit_kobold_abyss_entry,
          serial_shops, nicolae_shop_trees, led_sif_pool,
          infiniplex_staircase_zigzag_1, uniq_mara
Depths:5: grunt_zot_entry_hairpin, layout_basic, hellmouth_1,
          abyss_entry_flame_altar, chequers_serial_rivers_marsh,
          gammafunk_ghost_grave
Zot:1:    layout_onion, bh_zot_lava_cross, grunt_megastairs_5
Zot:2:    kennysheep_blocky_hall, layout_twisted_circle, st_large_dragon_hoard_4
Zot:3:    layout_misc_corridors, zot_minivault_8
Zot:4:    layout_gridlike
Zot:5:    layout_basic, hangedman_zot_decor_slant

Notes
Turn   | Place    | Note
-------+----------+-------------------------------------------
     0 | D:1      | ABBCCCDDDD the Octopode Wanderer began the quest for the
                  | Orb.
     0 | D:1      | ABBCCCDDDD set off with the following items: a +0 dagger, a
                  | wand of paralysis (15); and the following spells available
                  | to memorise: Summon Small Mammal, Sandblast, Call Canine
                  | Familiar, Stone Arrow
     0 | D:1      | Reached XP level 1. HP: 14/14 MP: 2/2
    72 | D:1      | Reached XP level 2. HP: 5/19 MP: 3/3
   929 | D:1      | Reached XP level 3. HP: 21/25 MP: 4/4
   982 | D:1      | Reached skill level 1 in Dodging
  1224 | D:1      | Found a faded altar of an unknown god.
  1830 | D:2      | Found a broken altar of Ashenzari.
  1840 | D:2      | Became a worshipper of Ashenzari the Shackled
  1854 | D:2      | Learned a level 3 spell: Stone Arrow
  1972 | D:2      | Reached XP level 4. HP: 30/30 MP: 5/5
  2590 | D:2      | Reached skill level 1 in Conjurations
  2590 | D:2      | Reached skill level 1 in Earth Magic
  3060 | D:3      | Reached XP level 5. HP: 27/36 MP: 6/6
  4151 | D:4      | Reached XP level 6. HP: 37/42 MP: 7/7
  4671 | D:4      | Reached XP level 7. HP: 46/46 MP: 8/8
  4899 | D:4      | Found a basalt altar of Yredelemnul.
  4998 | D:4      | Found a shimmering altar of Xom.
  4999 | D:4      | Found an iron altar of Okawaru.
  5342 | D:5      | Entered Level 5 of the Dungeon
  5633 | D:5      | Reached skill level 5 in Stealth
  6145 | D:5      | Reached skill level 1 in Shields
  6145 | D:5      | Reached XP level 8. HP: 41/52 MP: 9/9
  6246 | D:5      | Found a glowing golden altar of the Shining One.
  6739 | D:6      | Noticed Sigmund
  6744 | D:6      | Killed Sigmund
  6745 | D:6      | Found Suddutaf's Specific Store.
  6747 | D:6      | Found Nyub's General Store.
  6833 | D:6      | Found a transporter.
  6834 | D:6      | Noticed Menkaure
  6909 | D:6      | Reached * piety under Ashenzari
  7087 | D:6      | Learned a level 3 spell: Frozen Ramparts
  7153 | D:6      | Reached skill level 5 in Conjurations
  7252 | D:6      | Reached skill level 1 in Ice Magic
  7252 | D:6      | Reached skill level 5 in Earth Magic
  7788 | D:6      | Noticed an ancient zyme
  7823 | D:7      | Noticed Prince Ribbit
  7832 | D:7      | Killed Prince Ribbit
  7833 | D:7      | Reached skill level 5 in Evocations
  7833 | D:7      | Reached XP level 9. HP: 57/57 MP: 1/11
  8071 | D:7      | Noticed Harold
  8534 | D:7      | Noticed Joseph
  8546 | D:7      | Killed Joseph
  8549 | D:7      | Noticed a komodo dragon
  8872 | D:7      | Found a blossoming altar of Fedhas.
  9594 | D:6      | Found a staircase to the Ecumenical Temple.
  9599 | Temple   | Entered the Ecumenical Temple
  9871 | Temple   | Fell from the grace of Ashenzari
  9871 | Temple   | Became a worshipper of Gozag Ym Sagoz the Greedy
  9957 | D:6      | Found a transporter.
 10847 | D:8      | Reached skill level 5 in Fighting
 11972 | D:8      | Found a burning altar of Makhleb.
 12031 | D:8      | Reached XP level 10. HP: 56/68 MP: 2/16
 13015 | D:9      | Found a white marble altar of Elyvilon.
 13081 | D:9      | Reached skill level 5 in Spellcasting
 13143 | D:9      | Learned a level 6 spell: Statue Form
 13201 | D:9      | Identified the +0 ring mail of Paranoia {Rampage Will+
                  | Str+6}
 13247 | D:9      | Noticed a two-headed ogre
 13267 | D:9      | Killed a two-headed ogre
 13268 | D:9      | Reached skill level 1 in Transmutations
 13295 | D:9      | Found a transporter.
 13307 | D:9      | Found a transporter.
 13307 | D:9      | Noticed Tungsten's ghost (novice MfAE)
 13308 | D:9      | Identified the +6 dire flail of Excruciating Pain {flame,
                  | +Blink rC++ Will+ Int-4}
 13308 | D:9      | Noticed a two-headed ogre
 13533 | D:9      | Found a radiant altar of Vehumet.
 13844 | D:9      | Noticed a two-headed ogre
 14500 | D:10     | Entered Level 10 of the Dungeon
 14877 | D:10     | Noticed Fannar
 15236 | D:6      | Killed Menkaure
 15831 | D:9      | Was forgiven by Ashenzari
 16532 | D:9      | Reached XP level 11. HP: 75/75 MP: 20/20
 16970 | D:10     | Reached skill level 5 in Ice Magic
 17051 | D:10     | Found a staircase to the Lair.
 17925 | D:10     | Reached skill level 5 in Transmutations
 18058 | D:10     | Noticed Sonja
 18609 | D:11     | Noticed Snorg
 18649 | D:11     | Noticed a two-headed ogre
 18665 | D:11     | Killed a two-headed ogre
 19602 | D:11     | Found a staircase to the Orcish Mines.
 19624 | D:11     | Killed Snorg
 20579 | Lair:1   | Entered Level 1 of the Lair of Beasts
 20902 | D:10     | Killed Sonja
 21637 | Lair:1   | Learned a level 5 spell: Bolt of Magma
 21779 | Lair:1   | Reached XP level 12. HP: 81/81 MP: 15/21
 21783 | Lair:1   | Reached skill level 10 in Earth Magic
 23519 | Lair:2   | Noticed an eight-headed hydra
 23587 | Lair:1   | Bought the ring "Elohow" {Contam rPois rF+ EV+4} for 680
                  | gold pieces
 23710 | Lair:2   | Identified a scroll of acquirement
 23711 | Lair:2   | Acquired 670 gold pieces
 23741 | Lair:1   | Bought a ring of wizardry for 420 gold pieces
 23741 | Lair:1   | Bought the ring "Mairef" {rC+ Int+4 Dex+2} for 624 gold
                  | pieces
 24858 | Lair:3   | Noticed a boulder beetle
 25598 | Lair:3   | Killed a boulder beetle
 25877 | Lair:3   | Reached XP level 13. HP: 86/86 MP: 17/25
 25906 | Lair:3   | Reached skill level 10 in Transmutations
 25930 | Lair:3   | Reached skill level 1 in Unarmed Combat
 26224 | Lair:3   | Found a staircase to the Swamp.
 26312 | Lair:3   | Reached skill level 2 in Unarmed Combat
 26639 | Lair:4   | Reached skill level 3 in Unarmed Combat
 26871 | Lair:4   | Found a hole to the Spider Nest.
 26911 | Lair:4   | You are sucked into a shaft and drop 1 floor!
 27055 | Lair:5   | Reached skill level 4 in Unarmed Combat
 27451 | Lair:5   | Reached skill level 5 in Unarmed Combat
 27690 | Lair:4   | Gained mutation: You are frail. (-10% HP) [mutagenic glow]
 27780 | Lair:4   | Lost mutation: You are frail. (-10% HP) [potion of
                  | mutation]
 27780 | Lair:4   | Gained mutation: Your spells are a little harder to cast,
                  | but a little more powerful. [potion of mutation]
 27780 | Lair:4   | Gained mutation: You sometimes lose the ability to read
                  | scrolls when taking damage. [potion of mutation]
 27781 | Lair:4   | Lost mutation: Your spells are a little harder to cast, but
                  | a little more powerful. [potion of mutation]
 27781 | Lair:4   | Gained mutation: You are agile. (Dex +2) [potion of
                  | mutation]
 27781 | Lair:4   | Lost mutation: You sometimes lose the ability to read
                  | scrolls when taking damage. [potion of mutation]
 28042 | Lair:4   | Reached skill level 6 in Unarmed Combat
 29133 | Lair:5   | Reached skill level 10 in Fighting
 29133 | Lair:5   | Reached skill level 7 in Unarmed Combat
 29135 | Lair:5   | Noticed Josephine
 29143 | Lair:5   | Killed Josephine
 29155 | Lair:4   | Reached XP level 14. HP: 99/99 MP: 26/26
 29364 | Lair:5   | Found a staircase to the Slime Pits.
 29545 | Lair:5   | Reached skill level 8 in Unarmed Combat
 29686 | Lair:5   | Found a runed translucent door.
 29687 | Lair:5   | Found a shimmering altar of Xom.
 29689 | Lair:5   | Noticed MisterFreud's ghost (journeyman GnFi)
 30188 | Lair:5   | Killed MisterFreud's ghost
 30250 | Lair:6   | Entered Level 6 of the Lair of Beasts
 30582 | Lair:6   | Reached skill level 9 in Unarmed Combat
 31134 | Lair:6   | Got the Papyrus of the Foremost Knives
 31509 | Lair:6   | Reached XP level 15. HP: 108/108 MP: 28/28
 31515 | Lair:6   | Reached skill level 10 in Unarmed Combat
 31621 | Lair:6   | Found a stormy altar of Qazlal.
 32491 | D:6      | Found a one-way gate to the infinite horrors of the Abyss.
 32491 | D:6      | Noticed Garym's ghost (novice MiFi)
 32498 | D:6      | Killed Garym's ghost
 32892 | D:7      | Killed Harold
 32893 | D:7      | Reached skill level 11 in Unarmed Combat
 33005 | D:9      | Killed Tungsten's ghost
 33194 | D:10     | Killed Fannar
 34298 | D:12     | Reached skill level 12 in Unarmed Combat
 34546 | D:12     | Noticed Rupert
 34564 | D:12     | Paralysed by Rupert for 5 turns
 34573 | D:12     | Killed Rupert
 34893 | Orc:1    | Entered Level 1 of the Orcish Mines
 35528 | Orc:2    | Entered Level 2 of the Orcish Mines
 35528 | Orc:2    | Noticed Nessos
 35544 | Orc:2    | Killed Nessos
 35624 | Orc:2    | Found Xigotz's Distillery.
 35625 | Orc:2    | Found Adex's General Store.
 35632 | Orc:2    | Reached skill level 13 in Unarmed Combat
 35706 | Orc:2    | Found a frozen archway.
 35922 | IceCv    | Entered an ice cave
 36889 | Orc:2    | Bought the ring of Fallacy {MP+9 AC+4} for 928 gold pieces
 36889 | Orc:2    | Bought a +1 buckler of protection for 247 gold pieces
 36938 | Orc:2    | Bought a potion of heal wounds for 70 gold pieces
 36938 | Orc:2    | Bought 2 potions of lignification for 84 gold pieces
 36938 | Orc:2    | Bought a potion of haste for 140 gold pieces
 36938 | Orc:2    | Bought a potion of mutation for 112 gold pieces
 37083 | Orc:2    | Found a staircase to the Elven Halls.
 37295 | Orc:2    | Paralysed by an orc sorcerer for 6 turns
 37502 | Orc:2    | Reached XP level 16. HP: 116/116 MP: 29/29
 37505 | Orc:2    | Reached skill level 14 in Unarmed Combat
 37668 | Orc:2    | Paralysed by an orc sorcerer for 5 turns
 37800 | Orc:2    | Found Inguzeo's Antique Armour Shoppe.
 37800 | Orc:2    | Found Ysey's Jewellery Emporium.
 37801 | Orc:2    | Found a one-way gate leading to the halls of Pandemonium.
 37805 | Orc:2    | Bought the ring "Seown" {+Blink Int+5 SInv} for 395 gold
                  | pieces
 38199 | Spider:1 | Entered Level 1 of the Spider Nest
 38423 | Spider:1 | Noticed Veit's ghost (journeyman GrFi)
 38465 | Spider:1 | Found a runed translucent gate.
 38465 | Spider:1 | Found a runed translucent gate.
 38465 | Spider:1 | Found a runed translucent gate.
 38499 | Spider:1 | Killed Veit's ghost
 38972 | Spider:1 | Noticed Donald
 38984 | Spider:1 | Killed Donald
 39030 | Spider:1 | Reached XP level 17. HP: 123/123 MP: 30/30
 39778 | Spider:1 | Reached skill level 15 in Unarmed Combat
 40892 | Spider:2 | Identified the ring "Viqeumen" {rElec Will+ Str+3 Dex+3}
 40931 | Spider:2 | Reached skill level 15 in Fighting
 41434 | Spider:3 | Reached XP level 18. HP: 134/134 MP: 31/31
 42902 | Spider:4 | Entered Level 4 of the Spider Nest
 43397 | Spider:4 | Identified the +2 cloak of Abban {Fly rF+}
 44111 | Spider:4 | Got a gossamer rune of Zot
 44430 | Swamp:1  | Entered Level 1 of the Swamp
 45642 | Swamp:2  | Reached XP level 19. HP: 147/147 MP: 32/32
 47624 | Swamp:4  | Entered Level 4 of the Swamp
 47671 | Swamp:4  | Reached skill level 5 in Dodging
 48706 | Swamp:4  | Reached skill level 16 in Unarmed Combat
 49177 | Swamp:4  | Noticed the 27-headed Lernaean hydra
 49178 | Swamp:4  | Killed the 27-headed Lernaean hydra
 49193 | Swamp:4  | Got a decaying rune of Zot
 49217 | Swamp:4  | Acquired 334 gold pieces
 49651 | D:13     | Acquired the amulet "Zairhoss" {rN+ Regen+ Dex+4}
 49707 | D:13     | Identified the +9 quarterstaff "Pygieg" {protect, rPois
                  | SInv}
 50074 | D:13     | Identified the +3 ring mail of Vigoghu {Regen+ Int-2 Dex+3}
 50181 | D:14     | Reached XP level 20. HP: 156/156 MP: 33/33
 50296 | D:14     | Acquired a +1 kite shield of protection
 50374 | D:14     | Found Heim's Antique Armour Shoppe.
 50579 | D:14     | Reached skill level 5 in Shields
 50816 | D:14     | Identified the +12 spear of Xauzy {spect, rN+}
 50939 | D:14     | Found a gate to the Vaults.
 51124 | D:14     | Found a sacrificial altar of Ru.
 51142 | D:15     | Entered Level 15 of the Dungeon
 51707 | D:15     | Found a staircase to the Depths.
 52203 | Vaults:1 | Entered Level 1 of the Vaults
 52334 | Vaults:1 | Found Cehixescha's Antique Weapon Boutique.
 53013 | Vaults:1 | Reached skill level 17 in Unarmed Combat
 53687 | Vaults:1 | Found the +18 shield of the Gong {rElec rN+ Will+ EV-5}
 53946 | Vaults:2 | Reached XP level 21. HP: 164/164 MP: 34/34
 54067 | Vaults:2 | Reached skill level 10 in Shields
 54257 | Vaults:2 | Found a staircase to the Crypt.
 55026 | Vaults:2 | Learned a level 5 spell: Freezing Cloud
 56711 | Vaults:3 | Reached skill level 18 in Unarmed Combat
 56851 | Vaults:3 | Reached XP level 22. HP: 171/171 MP: 35/35
 57489 | Vaults:4 | Reached skill level 10 in Spellcasting
 59572 | Depths:1 | Entered Level 1 of the Depths
 59708 | Elf:1    | Entered Level 1 of the Elven Halls
 60102 | Elf:1    | Identified the ring of Qimar {rF+ Str+3 Slay-4}
 60529 | Elf:1    | Reached XP level 23. HP: 176/176 MP: 38/38
 60780 | Elf:1    | Paralysed by an air elemental for 1 turns
 60783 | Elf:1    | Paralysed by an air elemental for 1 turns
 60827 | Elf:1    | Got the Disquisition on the Birds
 60920 | Elf:2    | Found Zourphuru's Magic Scroll Shoppe.
 60929 | Elf:2    | Bought a scroll of blinking for 105 gold pieces
 60929 | Elf:2    | Bought a scroll of teleportation for 42 gold pieces
 60929 | Elf:2    | Bought a scroll of teleportation for 42 gold pieces
 60937 | Elf:2    | Bought a scroll of fog for 28 gold pieces
 61050 | Elf:2    | Found a runed translucent gate.
 61050 | Elf:2    | Found a runed translucent gate.
 61050 | Elf:2    | Found a runed translucent gate.
 61232 | Elf:2    | Reached skill level 15 in Shields
 61477 | Elf:2    | Paralysed by an air elemental for 1 turns
 61701 | Elf:2    | Noticed Agnes
 61710 | Elf:2    | Killed Agnes
 61845 | Elf:2    | Reached skill level 19 in Unarmed Combat
 62088 | Elf:2    | Reached skill level 10 in Ice Magic
 62292 | Elf:1    | Found an ancient bone altar of Kikubaaqudgha.
 62310 | Elf:3    | Entered Level 3 of the Elven Halls
 63337 | Elf:3    | Identified the ring of Soywn {Ice Int+4}
 63627 | Elf:3    | Identified the +0 kite shield of Vozoer {Int+5}
 63645 | Elf:3    | Identified the +7 flail of Integrity {venom, Int+2}
 63676 | Elf:3    | Reached XP level 24. HP: 156/183 MP: 39/39
 63684 | Elf:3    | Identified the +6 scythe of Defence {distort, rC- Str+3
                  | SInv}
 63684 | Elf:3    | Identified the +1 robe "Animaaxt" {Int+5}
 63710 | Elf:3    | Identified the +9 war axe of Massacring {holy, rElec Int+4}
 63854 | Elf:3    | Identified the +3 morningstar "Quuttosi" {freeze, *Slow
                  | rElec rPois Will++}
 63883 | Elf:3    | Reached skill level 20 in Unarmed Combat
 64108 | Elf:3    | Got Urimuo's Disquisition on Bewitchment
 64874 | Depths:1 | Found Keagucidgh's Magic Scroll Shop.
 64882 | Depths:1 | Bought a scroll of blinking for 165 gold pieces
 64882 | Depths:1 | Bought 2 scrolls of teleportation for 132 gold pieces
 64882 | Depths:1 | Bought a scroll of acquirement for 1144 gold pieces
 64882 | Depths:1 | Bought a scroll of summoning for 209 gold pieces
 64882 | Depths:1 | Bought a scroll of fear for 77 gold pieces
 64884 | Depths:1 | Acquired a +0 tower shield of fire resistance
 64885 | Depths:1 | Found Mamed's Assorted Antiques.
 64894 | Depths:1 | Bought a potion of curing for 69 gold pieces
 64894 | Depths:1 | Bought a potion of haste for 230 gold pieces
 64894 | Depths:1 | Bought a scroll of teleportation for 69 gold pieces
 64894 | Depths:1 | Bought a scroll of magic mapping for 80 gold pieces
 64894 | Depths:1 | Bought a potion of curing for 69 gold pieces
 64894 | Depths:1 | Bought a potion of resistance for 230 gold pieces
 64927 | Depths:1 | Found a gateway to Hell.
 65998 | Depths:2 | Noticed Asterion
 66009 | Depths:2 | Killed Asterion
 66162 | Depths:2 | Reached skill level 10 in Dodging
 66239 | Depths:2 | Found Cadwic's CLEARANCE SALE! EVERYTHING MUST GO!.
 66439 | Depths:2 | You fall into a shaft and drop 1 floor!
 66439 | Depths:3 | Noticed Sojobo
 66446 | Depths:3 | Killed Sojobo
 66471 | Depths:3 | Reached XP level 25. HP: 155/189 MP: 39/39
 67343 | Depths:3 | Reached skill level 21 in Unarmed Combat
 67381 | Depths:3 | Noticed Bai Suzhen
 67665 | Depths:2 | Killed Bai Suzhen
 67770 | Depths:2 | Identified the +1 leather armour "Pater" {+Blink Int+5}
 68005 | Depths:2 | Identified the +7 short sword of Welfare {protect, Dex+2
                  | SInv}
 68193 | Depths:3 | Found Hyociotz's Armour Shop.
 68396 | Depths:3 | Noticed a juggernaut
 68409 | Depths:3 | Killed a juggernaut
 68466 | Depths:3 | Found a hide-covered altar of Uskayaw.
 68572 | Depths:3 | Found Goojytt's Armour Boutique.
 68592 | Depths:3 | Noticed Jory
 68597 | Depths:3 | Killed Jory
 68673 | Depths:3 | Found a hide-covered altar of Uskayaw.
 68676 | Depths:3 | Reached XP level 26. HP: 196/196 MP: 39/39
 68679 | Depths:3 | Reached skill level 15 in Ice Magic
 68853 | Depths:3 | Found an opulent altar of Gozag.
 68861 | Depths:3 | Found Hoffoc's Antique Armour Shop.
 68867 | Depths:3 | Found Ufaaniss's Assorted Antiques.
 68899 | Depths:3 | Found Xustroz's Distillery.
 68899 | Depths:3 | Found Bojud's Distillery.
 68909 | Depths:3 | Bought 2 scrolls of fog for 140 gold pieces
 68925 | Depths:3 | Bought a potion of mutation for 160 gold pieces
 68925 | Depths:3 | Bought a potion of curing for 60 gold pieces
 68925 | Depths:3 | Bought a potion of heal wounds for 100 gold pieces
 68925 | Depths:3 | Bought a potion of cancellation for 160 gold pieces
 68925 | Depths:3 | Bought a potion of mutation for 160 gold pieces
 68925 | Depths:3 | Bought a potion of magic for 160 gold pieces
 68925 | Depths:3 | Bought 2 potions of mutation for 320 gold pieces
 68925 | Depths:3 | Bought a potion of curing for 60 gold pieces
 68925 | Depths:3 | Bought 2 potions of heal wounds for 200 gold pieces
 68925 | Depths:3 | Bought a potion of invisibility for 160 gold pieces
 69098 | Depths:3 | Found a sacrificial altar of Ru.
 69355 | Depths:3 | Noticed Saint Roka
 69364 | Depths:3 | Killed Saint Roka
 69501 | Depths:3 | Found Iwigied's Antique Weapon Emporium.
 69588 | Depths:3 | Found Alaeh's General Store.
 69591 | Depths:3 | Bought a scroll of summoning for 142 gold pieces
 69591 | Depths:3 | Bought a scroll of fear for 52 gold pieces
 69591 | Depths:3 | Bought a scroll of teleportation for 45 gold pieces
 69901 | Depths:4 | Found a gateway to a ziggurat.
 69931 | Depths:4 | Noticed Mara
 69963 | Depths:4 | Killed Mara
 69986 | Depths:4 | Found Roimeid's Antique Armour Boutique.
 70130 | Depths:4 | Found a runed door.
 70488 | Depths:4 | Reached skill level 22 in Unarmed Combat
 70495 | Depths:4 | Paralysed by a floating eye for 2 turns
 70640 | Depths:4 | Found a shimmering blue altar of Sif Muna.
 71106 | Depths:4 | Noticed an ancient lich
 71107 | Depths:4 | Noticed a dread lich
 71111 | Depths:4 | Killed an ancient lich
 71115 | Depths:4 | Killed a dread lich
 71135 | Depths:4 | Identified the ring of Veddos {rPois rN+ Will+ Str-3 Dex+5}
 71164 | Depths:4 | Identified the +2 helmet "Lachoak" {Int+2}
 71437 | Depths:5 | Entered Level 5 of the Depths
 71469 | Depths:5 | Found a corrupted altar of Lugonu.
 71499 | Depths:5 | Reached XP level 27. HP: 201/201 MP: 39/39
 71680 | Depths:4 | Reached skill level 15 in Dodging
 71952 | Depths:5 | Found a gate to the Realm of Zot.
 72192 | Depths:5 | Found a runed translucent door.
 72343 | Depths:5 | Noticed Qiwept's ghost (veteran BaIE)
 72756 | Depths:5 | Killed Qiwept's ghost
 73019 | Vaults:4 | Acquired 860 gold pieces
 73020 | Vaults:4 | Acquired 805 gold pieces
 73021 | Vaults:4 | Acquired a +0 tower shield of cold resistance
 73073 | Vaults:5 | Entered Level 5 of the Vaults
 73213 | Vaults:5 | Identified the +9 triple sword "Spiderbane" {protect,
                  | Int+2}
 73215 | Vaults:5 | Got the Reference Book on the Oath and Stolen Souls
 73509 | Vaults:5 | Got a silver rune of Zot
 73582 | Vaults:5 | Noticed an ancient lich
 73774 | Vaults:5 | Noticed an ancient lich
 73782 | Vaults:5 | Killed an ancient lich
 74009 | Vaults:5 | Identified the ring "Cidon" {rC+ Will++ Int+5 Dex-5}
 74048 | Vaults:5 | Got the Handbook of Supportive Feathers
 74304 | Vaults:5 | Got the Disquisition on Combat Magic
 74714 | Zot:1    | Entered Level 1 of the Realm of Zot
 76302 | Zot:2    | Identified the ring "Qiole Jeixt" {Fly rElec rF- Will+}
 76508 | Zot:2    | Found the +8 arc blade {discharge, rElec}
 76513 | Zot:2    | Got Sif Muna's Collected Works on Ashen Summoning
 76679 | Zot:3    | Reached skill level 23 in Unarmed Combat
 77787 | Zot:4    | Reached skill level 24 in Unarmed Combat
 78381 | Zot:5    | Entered Level 5 of the Realm of Zot
 78892 | D:6      | Bought a wand of digging (4) for 160 gold pieces
 79806 | Zot:5    | Noticed an ancient lich
 79806 | Zot:5    | Noticed a dread lich
 79808 | Zot:5    | Killed an ancient lich
 79812 | Zot:5    | Killed a dread lich
 80094 | Zot:5    | Noticed an orb of fire
 80102 | Zot:5    | Gained mutation: You passively dampen the noise of your
                  | surroundings. [an orb of fire]
 80112 | Zot:5    | Gained mutation: Your spells are a little easier to cast,
                  | but a little less powerful. [an orb of fire]
 80113 | Zot:5    | Killed an orb of fire
 80192 | Zot:5    | Noticed an orb of fire
 80205 | Zot:5    | Killed an orb of fire
 80206 | Zot:5    | Reached skill level 25 in Unarmed Combat
 80751 | Zot:5    | Got the Orb of Zot
 80899 | Zot:1    | Noticed Socoexacw the pandemonium lord
 80929 | Zot:1    | Noticed a seraph
 80934 | Zot:1    | Killed Socoexacw the pandemonium lord
 80941 | Zot:1    | Killed a seraph
 81023 | Depths:5 | Noticed Kouhurowk the pandemonium lord
 81037 | Depths:5 | Killed Kouhurowk the pandemonium lord
 81280 | D:12     | Noticed Dankeat the pandemonium lord
 81632 | D:$      | Escaped with the Orb!

Table legend: (Time is in decaauts)
 A = Elapsed time spent in this place.
 B = Non-inter-level travel time spent in this place.
 C = Inter-level travel time spent in this place.
 D = Time resting spent in this place.
 E = Time spent auto-exploring this place.
 F = Levels seen in this place.
 G = Mean time per level.
                   A        B        C        D        E       F      G
               +--------+--------+--------+--------+--------+-----+--------+
         Total |  91793 |  85011 |   6782 |  18564 |  46035 |  51 | 1799.9 |
       Dungeon |  28796 |  25423 |   3373 |   8436 |  11568 |  15 | 1919.7 |
        Temple |    297 |    249 |     48 |      0 |    247 |   1 |  297.0 |
          Lair |  12518 |  11820 |    698 |   3132 |   6162 |   6 | 2086.3 |
         Swamp |   6041 |   5867 |    174 |   1401 |   3072 |   4 | 1510.2 |
   Spider Nest |   7253 |   6870 |    383 |   1323 |   4009 |   4 | 1813.2 |
  Orcish Mines |   2683 |   2577 |    106 |    401 |   1462 |   2 | 1341.5 |
   Elven Halls |   5708 |   5547 |    161 |    421 |   3668 |   3 | 1902.7 |
        Vaults |  10266 |   9783 |    483 |   1468 |   6014 |   5 | 2053.2 |
        Depths |  10735 |   9807 |    928 |   1488 |   5514 |   5 | 2147.0 |
           Zot |   6432 |   6008 |    424 |    247 |   3868 |   5 | 1286.4 |
      Ice Cave |   1060 |   1060 |      0 |    245 |    447 |   1 | 1060.0 |
               +--------+--------+--------+--------+--------+-----+--------+

Top non-repeatable levels by time:
     D:9: 3491 daAuts
Depths:2: 2995 daAuts
    D:10: 2955 daAuts
Spider:1: 2883 daAuts
     D:7: 2882 daAuts
    D:11: 2654 daAuts
  Lair:4: 2575 daAuts
   Elf:3: 2482 daAuts
Vaults:4: 2435 daAuts
     D:6: 2332 daAuts
Depths:4: 2329 daAuts
  Lair:1: 2276 daAuts
     D:8: 2266 daAuts
Spider:3: 2228 daAuts
 Swamp:1: 2180 daAuts

Table legend:
 A = Kills in this place as a percentage of kills in entire the game.
 B = Kills by you in this place as a percentage of kills by you in the entire game.
 C = Kills by friends in this place as a percentage of kills by friends in the entire game.
 D = Other kills in this place as a percentage of other kills in the entire game.
 E = Experience gained in this place as a percentage of experience gained in the entire game.
 F = Experience gained in this place divided by the number of levels of this place that you have seen.
                   A       B       C       D       E      F
               +-------+-------+-------+-------+-------+----------------------
         Total | 100.0 | 100.0 | 100.0 | 100.0 | 100.0 | 36996.4
       Dungeon |  17.9 |  18.3 |   0.0 |   2.0 |   4.9 | 6207.7
          Lair |   8.6 |   8.8 |   0.0 |   2.0 |   3.9 | 12245.3
         Swamp |   6.4 |   6.4 |  17.6 |   2.0 |   5.1 | 23998.2
   Spider Nest |   9.5 |   9.8 |   0.0 |   0.0 |   5.6 | 26219.0
  Orcish Mines |   4.7 |   4.9 |   0.0 |   0.0 |   1.1 | 10724.0
   Elven Halls |   8.6 |   7.1 |   5.9 |  83.7 |   8.7 | 54866.0
        Vaults |  17.2 |  17.0 |  70.6 |   4.1 |  18.0 | 68103.2
        Depths |  16.5 |  16.9 |   5.9 |   2.0 |  26.4 | 99636.8
           Zot |   9.5 |   9.7 |   0.0 |   4.1 |  25.8 | 97426.6
      Ice Cave |   1.0 |   1.0 |   0.0 |   0.0 |   0.4 | 7482.0
               +-------+-------+-------+-------+-------+----------------------

Action                   |  1- 3 |  4- 6 |  7- 9 | 10-12 | 13-15 | 16-18 | 19-21 | 22-24 | 25-27 || total
-------------------------+-------+-------+-------+-------+-------+-------+-------+-------+-------++-------
Melee: Dagger            |    99 |   165 |   189 |   181 |   268 |       |       |       |       ||   902
       Constrict         |    26 |    41 |    43 |    35 |    97 |   130 |   131 |   159 |   253 ||   915
       Tentacles         |    19 |    29 |    39 |    73 |   239 |   146 |   261 |   253 |   521 ||  1580
       Unarmed           |       |       |       |       |   596 |   683 |  1023 |   983 |  1679 ||  4964
       Punch             |       |       |       |       |    91 |    73 |   174 |   191 |   434 ||   963
Throw: Stone             |       |     4 |       |    17 |     1 |       |       |       |       ||    22
       Boomerang         |       |     5 |       |       |       |       |       |       |       ||     5
       Dart              |       |     3 |    25 |    22 |    15 |       |     2 |     2 |     1 ||    70
 Cast: Stone Arrow       |       |     1 |    66 |   268 |    15 |       |       |       |       ||   350
       Frozen Ramparts   |       |       |       |    48 |    58 |    15 |     2 |     5 |    14 ||   142
       Statue Form       |       |       |       |     7 |   105 |    70 |    87 |    87 |   148 ||   504
       Bolt of Magma     |       |       |       |       |       |     1 |     3 |       |       ||     4
       Freezing Cloud    |       |       |       |       |       |       |       |       |     5 ||     5
Invok: Curse Item        |       |     1 |     1 |       |       |       |       |       |       ||     2
       Call Merchant     |       |       |       |     1 |       |     2 |       |       |     3 ||     6
       Bribe Branch      |       |       |       |       |       |       |       |       |     1 ||     1
 Abil: End Transformatio |       |       |       |       |       |       |       |       |     4 ||     4
Evoke: Wand              |     4 |     2 |    13 |    16 |     2 |     8 |     2 |       |     3 ||    50
       Box of beasts     |       |       |       |       |       |       |     2 |     1 |     2 ||     5
       Phantom mirror    |       |       |       |       |       |       |     1 |     2 |     2 ||     5
       Condenser vane    |       |       |       |       |       |       |       |       |     2 ||     2
  Use: Scroll            |       |     2 |     3 |    10 |     3 |     7 |     5 |     2 |    15 ||    47
       Potion            |       |       |       |       |     4 |     5 |       |     1 |    10 ||    20
 Stab: Paralysed         |     3 |     2 |     8 |       |       |     1 |       |       |       ||    14
       Sleeping          |    14 |    14 |     9 |     6 |    16 |     5 |    16 |     7 |    15 ||   102
       Distracted        |       |       |     1 |       |     7 |    12 |    13 |    18 |    33 ||    84
       Petrified         |       |       |       |       |     3 |       |       |       |       ||     3
       Confused          |       |       |       |       |       |       |     1 |       |       ||     1
Armor: Skin              |     6 |    14 |    23 |    52 |   439 |   695 |   489 |   296 |   504 ||  2518
Dodge: Dodged            |    50 |   127 |   162 |   163 |   694 |   716 |   936 |   516 |  1351 ||  4715
Block: Buckler           |       |       |    15 |   148 |   640 |   683 |   783 |   216 |       ||  2485
       Other             |       |       |       |     7 |       |       |       |       |       ||     7
       Reflection        |       |       |       |    11 |     4 |     1 |    75 |    94 |    15 ||   200
       Kite shield       |       |       |       |       |       |       |       |   795 |   904 ||  1699
       Tower shield      |       |       |       |       |       |       |       |       |  1255 ||  1255

Vanquished Creatures
  A seraph (Zot:1)
  3 ancient liches
  2 dread liches
  2 orbs of fire (Zot:5)
  Mara (Depths:4)
  A juggernaut (Depths:3)
  Sojobo (Depths:3)
  7 Killer Klowns
  Saint Roka (Depths:3)
  The ghost of Qiwept the Fencer, a veteran BaIE of Cheibriados (Depths:5)
  Bai Suzhen (Depths:2)
  A curse toe (Zot:4)
  2 caustic shrikes (Depths:3)
  2 pandemonium lords
  Jory (Depths:3)
  11 golden dragons
  A bone dragon (Zot:2)
  2 Brimstone Fiends
  2 electric golems (Zot:5)
  A Tzitzimitl (D:1)
  19 tentacled monstrosities
  Rupert (D:12)
  2 Ice Fiends
  5 liches
  2 deep elf master archers (Elf:3)
  5 titans
  Asterion (Depths:2)
  26 Orb Guardians
  2 deep elf blademasters (Elf:3)
  9 quicksilver dragons
  4 sphinxes
  12 death cobs
  Agnes (Elf:2)
  6 tengu reavers
  14 storm dragons
  2 warmongers (Depths:5)
  14 shadow dragons
  Donald (Spider:1)
  A fenstrider witch (Swamp:2)
  7 draconian monks
  8 fire giants
  7 frost giants
  2 iron dragons
  9 draconian knights
  15 vault wardens
  2 orc warlords
  10 deep elf sorcerers
  6 ghost moths
  5 draconian scorchers
  10 draconian shifters
  8 emperor scorpions
  A balrug (Depths:5)
  An angel (Zot:1)
  A curse skull (Depths:4)
  9 draconian annihilators
  5 draconian stormcallers
  18 ironbound preservers
  The ghost of Veit the Bludgeoner, a journeyman GrFi of Okawaru (Spider:1)
  5 deep elf elementalists (Elf:3)
  A quicksilver ooze (shapeshifter) (Depths:4)
  41 very ugly things
  2 reapers
  6 ghouls (Swamp:4)
  22 stone giants
  A blood saint (Depths:5)
  7 spriggan defenders
  2 vampire knights
  9 deep elf demonologists
  A lorocyproca (Zot:3)
  9 green draconians
  3 dire elephants
  12 deep elf annihilators
  12 white draconians
  The ghost of MisterFreud the Blocker, a journeyman GnFi of Yredelemnul (Lair:5)
  9 yellow draconians
  4 entropy weavers
  14 red draconians
  Nessos (Orc:2)
  5 bunyips
  9 spark wasps
  8 black draconians
  20 ettins
  10 purple draconians
  6 deep elf death magi
  Snorg (D:11)
  Josephine (Lair:5)
  4 eleionomae
  A merfolk impaler (Depths:2)
  3 blizzard demons
  14 fire dragons
  A shambling mangrove (Swamp:4)
  10 great orbs of eyes
  Fannar (D:10)
  14 yaktaur captains
  22 hydras
  7 deep elf high priests
  11 ironbound thunderhulks
  Harold (D:7)
  9 boulder beetles
  7 rakshasas
  18 ice dragons
  10 centaur warriors
  2 monstrous demonspawn
  9 spriggan air magi
  2 hell beasts
  A merfolk aquamancer (Depths:4)
  A death knight (D:14)
  2 ghost crabs
  44 vault guards
  An ogre mage (Depths:4)
  11 ironbound frosthearts
  8 two-headed ogres
  A catoblepas (Lair:6)
  The ghost of Tungsten the Spear-Bearer, a novice MfAE of Okawaru (D:9)
  13 deep troll earth magi
  14 deep troll shamans
  12 alligators
  11 death yaks
  A hell hog (Depths:1)
  A satyr (shapeshifter) (Vaults:5)
  8 tengu warriors
  5 orc high priests
  4 spriggan berserkers
  6 ironbound beastmasters
  5 sun demons
  2 vampire magi (Depths:3)
  12 hell knights (Depths:4)
  6 soul eaters
  17 deep elf knights
  Sonja (D:10)
  The ghost of Garym the Cleaver, a novice MiFi of Okawaru (D:6)
  9 iron trolls
  7 goliath frogs
  A shadow wraith (Vaults:5)
  2 infernal demonspawn
  2 death drakes
  A cherub (Zot:1)
  A shadow demon (D:8)
  3 spriggan druids
  A glowing orange brain (shapeshifter) (Vaults:5)
  A torturous demonspawn (Depths:3)
  7 glowing orange brains
  5 gelid demonspawn
  14 ironbound convokers
  5 flayed ghosts
  82 deep trolls
  14 swamp dragons
  5 phantasmal warriors
  10 wizards
  An orange crystal statue (Zot:5)
  15 deep elf archers
  12 bog bodies
  17 orc knights
  10 lindwurms
  34 wolf spiders
  5 harpies (Vaults:3)
  A salamander (Depths:5)
  10 orc sorcerers
  35 deep elf zephyrmancers
  54 ugly things
  26 deep elf pyromancers
  24 orb spiders
  10 will-o-the-wisps
  4 necromancers
  4 manticores
  20 moths of wrath
  27 elephants
  5 cyclopes
  A salamander (shapeshifter) (D:15)
  Joseph (D:7)
  15 vault sentinels
  2 smoke demons (Depths:5)
  2 ice statues (IceCv)
  2 gargoyles
  A water nymph (shapeshifter) (Vaults:5)
  2 torpor snails (Spider:3)
  8 black mambas
  An orange demon (Orc:2)
  12 cane toads
  2 hellions
  2 rime drakes
  50 yaktaurs
  A yaktaur (shapeshifter) (Elf:3)
  3 anaconda simulacra (IceCv)
  4 tengu conjurers
  6 freezing wraiths
  2 unseen horrors (D:12)
  14 demonic crawlers
  12 komodo dragons
  An entropy weaver simulacrum (IceCv)
  2 kobold demonologists
  8 ice devils
  An ancient zyme (D:6)
  A merfolk (shapeshifter) (Vaults:5)
  A troll (shapeshifter) (Elf:1)
  2 polar bears
  A silent spectre (Depths:4)
  A bloated husk (Swamp:4)
  38 jumping spiders
  3 trolls
  33 hornets
  A raiju (shapeshifter) (D:15)
  Prince Ribbit (D:7)
  11 dream sheep (Lair:6)
  23 slime creatures
  7 tyrant leeches
  A raiju (D:6)
  16 blink frogs
  Sigmund (D:6)
  9 air elementals
  65 redbacks
  A redback (shapeshifter) (Vaults:5)
  A flying skull (Vaults:2)
  23 spriggans
  2 tarantellas (shapeshifter)
  25 tarantellas
  16 water elementals
  A shadow (D:12)
  A ynoxinul (Zot:1)
  A vampire (D:11)
  52 yaks
  5 wyverns
  3 dire elephant simulacra (IceCv)
  A neqoxec (Depths:2)
  5 wraiths
  A human (D:11)
  9 fire elementals
  16 vampire mosquitoes
  A chaos spawn (Orc:2)
  2 basilisks
  3 wargs
  Menkaure (D:6)
  4 harpy simulacra
  15 swamp worms
  4 acid dragons
  19 water moccasins
  3 floating eyes
  46 orc warriors
  17 swamp drakes
  3 ice beasts
  6 black bears
  13 wolves
  A necrophage (D:8)
  5 ogres
  6 boggarts
  12 centaurs
  5 kobold brigands
  16 bullfrogs
  2 scorpions
  2 gnoll sergeants
  A small abomination (D:6)
  2 wyvern zombies
  5 earth elementals
  A hornet simulacrum (D:15)
  7 killer bees
  17 wights
  3 electric eels
  5 howler monkeys
  A bullfrog zombie (D:6)
  A quasit (D:6)
  A centaur zombie (D:9)
  2 bullfrog skeletons
  7 hounds
  43 orc priests
  A centaur skeleton (D:7)
  7 hell rats (Lair:1)
  2 iguanas (D:6)
  26 orc wizards
  A troll simulacrum (IceCv)
  A killer bee zombie (D:7)
  A hound zombie (D:5)
  2 howler monkey zombies (D:10)
  6 gnolls
  9 adders
  2 naga simulacra (IceCv)
  A shadow imp (D:6)
  A white imp (D:6)
  2 ufetubi
  2 adder zombies (D:4)
  An adder skeleton (D:5)
  A worm (D:4)
  A worm (shapeshifter) (Depths:2)
  4 dart slugs
  93 orcs
  3 ball pythons (D:3)
  9 bats
  5 endoplasms
  7 giant cockroaches
  4 goblins
  10 hobgoblins
  5 jackals
  10 kobolds
  6 quokkas
  A bat (shapeshifter) (Vaults:5)
  6 frilled lizards
  6 rats
2388 creatures vanquished.

Vanquished Creatures (collateral kills)
  the Lernaean hydra (Swamp:4)
  A deep elf master archer (Elf:3)
  2 titans (Vaults:5)
  2 shadow dragons (Vaults:5)
  A frost giant (Vaults:5)
  An iron dragon (Vaults:5)
  A deep elf demonologist (Vaults:5)
  2 deep elf death magi (Vaults:5)
  A deep elf high priest (Vaults:5)
  A hydra (Swamp:4)
  A spriggan berserker (Swamp:4)
  An ironbound convoker (Vaults:5)
  A human (shapeshifter) (Vaults:5)
  A quasit (Depths:5)
17 creatures vanquished.

Vanquished Creatures (others)
  A lich (Vaults:5)
  A draconian knight (Zot:4)
  2 vault wardens (Vaults:5)
  A war gargoyle (Vaults:5)
  A stone giant (Vaults:5)
  An ironbound preserver (Vaults:5)
  A green draconian (Zot:4)
  A deep elf annihilator (Depths:4)
  2 ettins (Vaults:5)
  3 deep elf high priests (Vaults:5)
  39 dancing weapons
  3 deep elf knights
  An orc knight (Vaults:5)
  A will-o-the-wisp (D:14)
  A vault sentinel (Vaults:5)
  4 yaktaurs (Vaults:5)
  2 freezing wraiths (Vaults:5)
  4 bloated husks
  A jumping spider (Spider:2)
  A hornet (Swamp:3)
  A human (Depths:4)
  An orc warrior (Vaults:5)
  A kobold brigand (D:14)
  An orc priest (Vaults:5)
  An orc (Vaults:5)
  42 foxfires
  106 fungi
  122 plants
346 creatures vanquished.

Grand Total: 2751 creatures vanquished
